 Dungeon Crawl Stone Soup version 0.29-a0-330-g52719c12eb (webtiles) character file.

Game seed: 8757151682608978700

37826 night the Archer (level 13, -3/116 HPs)
             Began as a Demonspawn Hunter on Apr 30, 2022.
             Was an Initiate of Gozag.
             Succumbed to a black mamba's poison
             ... on level 5 of the Lair of Beasts.
             The game lasted 00:55:30 (24139 turns).

night the Archer (Demonspawn Hunter)               Turns: 24139, Time: 00:55:31

Health: -3/116     AC: 18    Str: 18    XL:     13   Next: 60%
Magic:  23/26      EV: 12    Int: 15    God:    Gozag
Gold:   2808       SH:  5    Dex: 17    Spells: 23/31 levels left

rFire   + . .      SeeInvis .   a - +1 shortbow
rCold   + + .      Faith    .   (shield currently unavailable)
rNeg    . . .      Spirit   .   d - +0 leather armour
rPois   .          Reflect  +   N - +1 helmet
rElec   .          Harm     .   W - +0 cloak
rCorr   .          Rampage  .   (gloves unavailable)
Will    +....                   (no boots)
Stlth   ++........              D - amulet of reflection
HPRegen 0.29/turn               q - +6 ring of strength
MPRegen 0.20/turn               e - ring of the Bedazzling Gods {rF+ rC++ Will+}

@: lethally poisoned (-3 -> -89), sanguine armoured, freezing walls
A: powered by death 2, robust 1, sanguine armour 3, demonic magic 1, demonic
touch 3
a: Renounce Religion, Potion Petition, Call Merchant, Bribe Branch


You were on level 5 of the Lair of Beasts.
You worshipped Gozag.
Gozag was most pleased with you.
You visited 3 branches of the dungeon, and saw 16 of its levels.
You also visited: Ossuary.

You collected 3684 gold pieces.
You paid 876 gold pieces to Gozag.

Inventory:

Hand Weapons
 a - a +1 shortbow (weapon)
 b - a +1 short sword of electrocution
 m - the +8 hand axe of the Dead {antimagic, rC+}
   (You found it on level 7 of the Dungeon)

   It reduces the magical energy of the wielder, and disrupts the spells and
   magical abilities of those it strikes.
   Natural abilities and divine invocations are not affected.
   rC:        It protects you from cold.
 s - the +3 quarterstaff of Erphiob Ruat {freeze, rN+}
   (You found it on level 9 of the Dungeon)

   It freezes those it strikes, dealing additional cold damage.
   It can also slow down cold-blooded creatures.
   rN:        It protects you from negative energy.
 K - a +0 dagger of draining
 L - a +0 morningstar
 T - a +0 longbow
 Z - a +0 falchion of electrocution
Missiles
 k - 448 stones
 I - 4 throwing nets
 O - a curare-tipped dart
Armour
 d - a +0 leather armour (worn)
 N - a +1 helmet (worn)
 W - a +0 cloak (worn)
Jewellery
 e - the ring of the Bedazzling Gods (right hand) {rF+ rC++ Will+}
   (You found it on level 2 of the Lair of Beasts)

   [ring of protection from fire]

   rF:        It protects you from fire.
   rC:        It greatly protects you from cold.
   Will:      It increases your willpower.
 f - an amulet of magic regeneration
 q - a +6 ring of strength (left hand)
 y - a ring of fire
 D - an amulet of reflection (around neck)
 X - a ring of protection from cold
Wands
 p - a wand of acid (10)
 u - a wand of polymorph (2)
 C - a wand of paralysis (9)
 R - a wand of iceblast (4)
 V - a wand of flame (6)
Scrolls
 c - 6 scrolls of immolation
 i - 6 scrolls of teleportation
 l - 2 scrolls of enchant weapon
 o - a scroll of torment
 w - 6 scrolls of amnesia
 x - 3 scrolls of blinking
 E - 2 scrolls of identify
 F - 5 scrolls of enchant armour
 H - 4 scrolls of magic mapping
Potions
 h - a potion of attraction
 j - 3 potions of brilliance
 n - 6 potions of curing
 r - 4 potions of cancellation
 t - 4 potions of flight
 v - 7 potions of heal wounds
 z - 4 potions of might
 B - 2 potions of mutation
 G - a potion of resistance
 J - 2 potions of haste
 S - 3 potions of magic
 Y - a potion of lignification


   Skills:
 + Level 11.1 Fighting
 * Level 14.2 Bows
 - Level 2.4 Dodging
 - Level 1.9 Stealth
 + Level 9.6 Spellcasting
 + Level 9.7 Ice Magic


You had 23 spell levels left.
You knew the following spells:

 Your Spells              Type           Power      Damage    Failure   Level
a - Freeze                Ice            100%       1d11      1%          1
b - Frozen Ramparts       Ice            72%        1d9       1%          3
c - Hailstorm             Conj/Ice       21%        3d6       16%         4

Your spell library contained the following spells:

 Spells                   Type           Power      Damage    Failure   Level
 Magic Dart               Conj           28%        1d4       12%         1
 Scorch                   Fire           14%        2d5       19%         2
 Searing Ray              Conj           14%        2d5       19%         2
 Call Canine Familiar     Summ           7%         N/A       36%         3
 Gell's Gravitas          Tloc           7%         N/A       36%         3
 Portal Projectile        Hex/Tloc       14%        N/A       36%         3
 Teleport Other           Tloc           7%         N/A       36%         3
 Cause Fear               Hex            3%         N/A       77%         4
 Fulminant Prism          Conj/Hex       3%         3d6       77%         4
 Leda's Liquefaction      Hex/Erth       3%         N/A       77%         4
 Irradiate                Conj/Tmut      3%         3d14      98%         5
 Dispersal                Tloc           3%         N/A       100%        6
 Dragon Form              Tmut           3%         N/A       100%        7
 Spellforged Servitor     Conj/Summ      3%         N/A       100%        7
 Dragon's Call            Summ           3%         N/A       100%        9


Dungeon Overview and Level Annotations

Branches:
Dungeon (10/15)            Temple (1/1) D:5            Lair (5/6) D:8
  Swamp (0/4) Lair:4       Spider (0/4) Lair:2      Ossuary (visited)
  Slime: Lair:5-6       Orc: D:9-12

Altars:
Ashenzari
Cheibriados
Dithmenos
Elyvilon
Fedhas
Gozag
Hepliaklqana
Kikubaaqudgha
Makhleb
Nemelex Xobeh
Okawaru
Qazlal
Ru
Sif Muna
Trog
Uskayaw
Vehumet
Wu Jian
Xom
Yredelemnul
Zin
The Shining One
Beogh

Shops:
D:7 :

Annotations:
D:7 VincentAMV's ghost, novice GrFi
Lair:3 Rupert


Innate Abilities, Weirdness & Mutations

You regenerate health from kills.
You are robust. (+10% HP)
When seriously injured, your blood forms very thick armour. (AC +12)
Spells you cast may paralyse adjacent enemies.
Your touch may irresistibly damage your foes and sap their willpower.


Message History

The arrow closely misses the black mamba. x2
The black mamba bites you!
You are poisoned.
The black mamba poisons you!
You feel very sick. The black mamba closely misses you.
You feel very sick. The black mamba bites you.
You are more poisoned.
The black mamba poisons you!
The black mamba attacks as you move away!
The black mamba bites you.
You are more poisoned.
The black mamba poisons you!
Your blood congeals into armour.
You feel extremely sick. You block the black mamba's attack.
The black mamba bites you.
You feel extremely sick. The black mamba bites you.
You are lethally poisoned!
The black mamba poisons you! The black mamba misses you.
The black mamba barely misses you.
You feel extremely sick. The black mamba closely misses you.
* * * LOW HITPOINT WARNING * * *
You feel extremely sick. The black mamba bites you.
* * * LOW HITPOINT WARNING * * *
You are more poisoned.
The black mamba poisons you! The black mamba bites you.
* * * LOW HITPOINT WARNING * * *
You are more poisoned.
The black mamba poisons you!
Casting: Freeze (safe; 1% risk of failure)
Confirm with . or Enter, or press ? or * to list all spells.
Casting: Frozen Ramparts (safe; 1% risk of failure)
Press: ? - help, Dir - look around, f - activate The walls around you are covered in ice.
Malevolent energies surge around you.
The black mamba suddenly stops moving!
You die...
Your body crumbles into a pile of gold.

...........[.........≈≈≈≈≈≈≈≈
.....................≈≈≈≈≈≈≈≈
##...........#........≈≈≈≈≈≈≈
#...........##........≈≈≈≈..
..................♣♣.....
..................♣ ....
..................♣ P..
.............#.#SS♣ ..
.............###@♣♣ .
.......^.....#..#♣
#.............#.##
......>........#.#
#...............##
...............##
..............##
...............#
..............##


You could see 2 black mambas.

Vanquished Creatures
  Josephine (Lair:4)
  Harold (D:8)
  3 hydras
  A centaur warrior (D:9)
  A death yak (D:7)
  2 two-headed ogres (D:10)
  A catoblepas (Lair:4)
  Nergalle (Lair:4)
  3 bog bodies
  Pikel (D:5)
  2 wolf spiders (Lair:2)
  Maurice (D:9)
  3 black mambas
  15 elephants
  6 cane toads
  4 komodo dragons (Lair:3)
  2 rime drakes (Lair:3)
  3 trolls
  2 polar bears
  A hornet (D:10)
  17 blink frogs
  5 dream sheep (Lair:4)
  A culicivora (Lair:2)
  A shadow (D:10)
  4 wraiths
  5 wyverns
  3 basilisks
  26 yaks
  A redback (Lair:2)
  2 steam dragons
  3 vampire mosquitoes (D:10)
  A swamp worm (Lair:4)
  10 water moccasins
  An ice beast (D:5)
  6 black bears
  3 orc warriors (D:10)
  2 sky beasts
  3 centaurs
  17 wolves
  3 ogres
  A phantom (D:6)
  3 kobold brigands
  14 bullfrogs
  3 gnoll sergeants
  3 necrophages
  4 scorpions
  A ballistomycete (Lair:2)
  4 killer bees (D:9)
  4 electric eels
  2 human zombies (Ossuary)
  4 jellies
  9 orc priests
  6 hounds (D:5)
  11 orc wizards
  5 mummies (Ossuary)
  14 gnolls
  10 adders
  2 dart slugs
  56 orcs
  6 bats
  10 endoplasms
  3 giant cockroaches
  A gnoll zombie (Ossuary)
  4 goblins
  11 hobgoblins
  4 quokkas
  5 ball pythons
  2 frilled lizards (D:2)
  A goblin zombie (Ossuary)
  A hobgoblin zombie (Ossuary)
  25 kobolds
  2 kobold zombies (Ossuary)
  An orc zombie (Ossuary)
  6 rats
406 creatures vanquished.

Vanquished Creatures (others)
  27 fungi
  44 plants
  5 toadstools (Lair:5)
76 creatures vanquished.

Grand Total: 482 creatures vanquished

Notes
Turn   | Place    | Note
-------+----------+-------------------------------------------
     0 | D:1      | night the Demonspawn Hunter began the quest for the Orb.
     0 | D:1      | Reached XP level 1. HP: 16/16 MP: 1/1
    35 | D:1      | Reached skill level 1 in Stealth
   109 | D:1      | Reached skill level 2 in Dodging
   109 | D:1      | Gained mutation: When seriously injured, your blood forms
                  | armour. (AC +12) [demonic ancestry]
   109 | D:1      | Reached XP level 2. HP: 22/22 MP: 2/2
   817 | D:2      | Gained mutation: When seriously injured, your blood forms
                  | thick armour. (AC +12) [demonic ancestry]
   817 | D:2      | Reached XP level 3. HP: 28/28 MP: 3/3
  1408 | D:3      | Reached skill level 4 in Bows
  1415 | D:3      | Learned a level 1 spell: Freeze
  1425 | D:3      | Noticed a necrophage
  1441 | D:3      | Killed a necrophage
  1442 | D:3      | Gained mutation: Your touch may inflict minor irresistible
                  | damage on your foes. [demonic ancestry]
  1442 | D:3      | Reached XP level 4. HP: 15/35 MP: 4/4
  1628 | D:3      | Reached skill level 1 in Ice Magic
  1724 | D:3      | Gained mutation: Spells you cast may paralyse adjacent
                  | enemies. [demonic ancestry]
  1724 | D:3      | Reached XP level 5. HP: 26/41 MP: 5/5
  2058 | D:3      | Found a sacrificial altar of Ru.
  2108 | D:3      | Learned a level 3 spell: Frozen Ramparts
  2901 | D:4      | You fall into a shaft and drop 2 floors!
  2901 | D:6      | Noticed a centaur
  2910 | D:6      | Killed a centaur
  2911 | D:6      | Gained mutation: Your touch may inflict irresistible damage
                  | on your foes. [demonic ancestry]
  2911 | D:6      | Reached XP level 6. HP: 35/47 MP: 0/7
  2989 | D:6      | Found an iron altar of Okawaru.
  3008 | D:6      | Found a sand-covered staircase.
  3017 | Ossuary  | Entered an ossuary
  3038 | Ossuary  | Reached skill level 5 in Bows
  3038 | Ossuary  | Reached skill level 1 in Spellcasting
  3153 | Ossuary  | Reached skill level 2 in Ice Magic
  3646 | D:6      | Noticed a sky beast
  3657 | D:6      | Killed a sky beast
  3754 | D:6      | Reached skill level 2 in Spellcasting
  3754 | D:6      | Reached XP level 7. HP: 41/54 MP: 3/10
  3959 | D:5      | Entered Level 5 of the Dungeon
  4016 | D:5      | Noticed Pikel
  4027 | D:5      | Killed Pikel
  4028 | D:5      | Reached skill level 6 in Bows
  4028 | D:5      | Gained mutation: You regenerate a little health from kills.
                  | [demonic ancestry]
  4028 | D:5      | Reached XP level 8. HP: 53/61 MP: 5/12
  4051 | D:5      | Reached skill level 5 in Fighting
  4298 | D:6      | Reached skill level 7 in Bows
  4477 | D:6      | Found an ancient bone altar of Kikubaaqudgha.
  5889 | D:5      | Found a staircase to the Ecumenical Temple.
  5900 | Temple   | Entered the Ecumenical Temple
  6029 | Temple   | Became a worshipper of Gozag Ym Sagoz the Greedy
  6709 | D:5      | Gained mutation: Your touch may irresistibly damage your
                  | foes and sap their willpower. [demonic ancestry]
  6709 | D:5      | Reached XP level 9. HP: 40/69 MP: 9/15
  7011 | D:7      | Found a hide-covered altar of Uskayaw.
  7098 | D:7      | Reached skill level 8 in Bows
  7360 | D:7      | Got the Catalogue of the Arsonist and Arcane Weapons
  7385 | D:7      | Found a transporter.
  7399 | D:7      | Noticed a moth of wrath
  7399 | D:7      | Noticed a troll
  7400 | D:7      | Found a bloodstained altar of Trog.
  7400 | D:7      | Noticed VincentAMV's ghost (novice GrFi)
  7411 | D:7      | Found Quydiat's Book Shop.
  7498 | D:7      | Found a transporter.
  7716 | D:7      | Identified the +8 hand axe of the Dead {antimagic, rC+}
  7728 | D:7      | Killed a troll
  7729 | D:7      | Reached skill level 5 in Ice Magic
  8011 | D:7      | Found an ornate altar of the Wu Jian Council.
  8060 | D:7      | Found a blossoming altar of Fedhas.
  8284 | D:8      | Reached skill level 5 in Spellcasting
  8386 | D:8      | Noticed a death yak
  8394 | D:8      | Noticed a death yak
  8395 | D:8      | Noticed a death yak
  8402 | D:7      | HP: 10/71 [death yak (6)]
  8853 | D:8      | Reached skill level 9 in Bows
  8994 | D:8      | Found a staircase to the Lair.
  9727 | D:7      | Identified the +1 robe of the Dripping Gods {rCorr Str+2
                  | Int+2}
 10211 | D:9      | Found a bloodstained altar of Trog.
 10220 | D:9      | Gained mutation: When seriously injured, your blood forms
                  | very thick armour. (AC +12) [demonic ancestry]
 10220 | D:9      | Reached XP level 10. HP: 77/77 MP: 13/17
 10880 | D:9      | Identified the +3 quarterstaff of Erphiob Ruat {freeze,
                  | rN+}
 11026 | D:9      | Noticed a centaur warrior
 11041 | D:9      | Killed a centaur warrior
 11196 | D:9      | Found a radiant altar of Vehumet.
 11264 | D:9      | Found the +6 shillelagh "Devastator" {shatter}
 11542 | D:9      | Noticed Maurice
 11558 | D:9      | Killed Maurice
 11830 | D:10     | Entered Level 10 of the Dungeon
 11848 | D:10     | Reached skill level 10 in Bows
 12255 | D:10     | Noticed a two-headed ogre
 12268 | D:10     | Killed a two-headed ogre
 12313 | D:10     | Found a broken altar of Ashenzari.
 12319 | D:10     | Noticed a two-headed ogre
 12371 | D:10     | Gained mutation: You are robust. (+10% HP) [demonic
                  | ancestry]
 12371 | D:10     | Reached XP level 11. HP: 62/94 MP: 15/20
 12438 | D:10     | Killed a two-headed ogre
 12873 | D:10     | Found a shadowy altar of Dithmenos.
 13392 | Lair:1   | Entered Level 1 of the Lair of Beasts
 13392 | Lair:1   | Noticed a six-headed hydra
 13392 | Lair:1   | Noticed Harold
 13410 | D:8      | Killed Harold
 13411 | D:8      | Reached skill level 11 in Bows
 13691 | D:7      | Killed a death yak
 13953 | Lair:1   | Killed a six-headed hydra
 15766 | Lair:2   | Reached skill level 12 in Bows
 15906 | Lair:2   | Reached XP level 12. HP: 104/104 MP: 17/23
 16095 | Lair:2   | Noticed a five-headed hydra
 16139 | Lair:2   | Killed a five-headed hydra
 16233 | D:7      | Learned a level 4 spell: Hailstorm
 16521 | Lair:2   | Identified the +1 robe of the Monkey's Uncle {Will+ Int+4}
 16551 | Lair:2   | Identified the ring of the Bedazzling Gods {rF+ rC++ Will+}
 17386 | Lair:2   | Found a hole to the Spider Nest.
 18285 | Lair:3   | Noticed a five-headed hydra
 18297 | Lair:3   | Killed a five-headed hydra
 18298 | Lair:3   | Reached skill level 10 in Fighting
 18481 | Lair:3   | Reached skill level 13 in Bows
 19660 | Lair:4   | Gained mutation: You regenerate health from kills. [demonic
                  | ancestry]
 19660 | Lair:4   | Reached XP level 13. HP: 56/114 MP: 3/25
 20073 | Lair:4   | Noticed Nergalle
 20380 | Lair:4   | Killed Nergalle
 20582 | Lair:3   | HP: 14/110 [polar bear (9)]
 20902 | Lair:4   | Noticed Rupert
 20906 | Lair:4   | Paralysed by Rupert for 2 turns
 21537 | Lair:4   | Noticed Josephine
 21553 | Lair:4   | Killed Josephine
 22902 | Lair:4   | Reached skill level 14 in Bows
 22962 | Lair:4   | Found a staircase to the Swamp.
 23376 | Lair:4   | HP: 6/116 [catoblepas (25)]
 24138 | Lair:5   | HP: 16/116 [black mamba (5)]
 24139 | Lair:5   | Succumbed to a black mamba's poison

Illustrated notes

Levels and vault maps discovered:
D:1:      psy_arrival_statuary, layout_basic
D:2:      layout_rooms, minmay_surrounded
D:3:      layout_basic, nicolae_ru_great_annihilating_truth, lemuel_old_faithful
D:4:      minmay_door_path, layout_gridville, dreamdust_princess_corridor
D:5:      layout_basic, minmay_temple_entry_fiery, uniq_pikel
D:6:      layout_basic, mainiacjoe_overflow_brackets, okawaru_trees_2,
          nicolae_ossuary_entry_monument
D:7:      layout_rooms, nzn_wu_jian_contemplation,
          nicolae_overflow_hidden_temple,
          nicolae_uskayaw_murder_on_the_dancefloor, serial_shops,
          nicolae_lakefront_shop, gammafunk_ghost_wrathful_warriors
D:8:      layout_loops_corners, dpeg_lair_monsters
D:9:      corexii_shack_village, layout_basic, trog_ov_bears_minmay,
          general_overflow_altar, lemuel_tele_altar, uniq_maurice
D:10:     layout_loops_ring, nicolae_ashenzari_panopticon,
          grunt_dithmenos_shadows, special_room [special_room_orc]
Temple:   compressed_dpeg_circular_temple
Lair:1:   layout_regular_city, nicolae_lair_lil_pond, grunt_megastairs_4,
          wad_woods_river_01, uniq_harold
Lair:2:   dpeg_oklob_gauntlet, layout_chaotic_city,
          spider_nest_entry_funnel_web, serial_bayou_pond_e,
          nicolae_lair_run_with_the_wolves, lemuel_fruit_fields,
          serial_bayou_shore_b
Lair:3:   layout_chaotic_city, grunt_megastairs_1, infiniplex_staircase_pool_2
Lair:4:   layout_cave_shapes, nicolae_swamp_entry_splash_gauntlet,
          uniq_nergalle, uniq_rupert, uniq_josephine
Lair:5:   gammafunk_lair_enchanted_lake, layout_cave_shapes,
          minmay_slime_entry_pillars

Skill      XL: |  1  2  3  4  5  6  7  8  9 10 11 12 13 |
---------------+----------------------------------------+-----
Stealth        | 1 |  1.9
Dodging        | 2 |  2.4
Bows           | 4 5 6 7 9 10 12 13 14 | 14.2
Fighting       | 3 4 5 6 8 9 10 11 | 11.1
Ice Magic      | 1 2 3 4 5 6 7 9 |  9.7
Spellcasting   | 2 3 4 5 6 7 8 9 |  9.6

Action                   |  1- 3 |  4- 6 |  7- 9 | 10-12 | 13-15 || total
-------------------------+-------+-------+-------+-------+-------++-------
Melee: Staff             |     6 |       |       |       |       ||     6
       Trident           |       |    28 |     5 |     6 |       ||    39
       Touch             |       |     7 |     6 |    38 |    11 ||    62
       Dagger            |       |       |    11 |       |       ||    11
       Hand axe          |       |       |     9 |     3 |    12 ||    24
       Short sword       |       |       |     7 |   120 |    33 ||   160
       Punch             |       |       |     4 |     3 |       ||     7
       Quarterstaff      |       |       |       |     7 |     1 ||     8
       Falchion          |       |       |       |    41 |    16 ||    57
 Fire: Shortbow          |    99 |   120 |   279 |   280 |    88 ||   866
       Longbow           |       |       |       |    30 |    27 ||    57
 Cast: Frozen Ramparts   |       |     3 |    30 |    67 |    17 ||   117
       Freeze            |       |     5 |    31 |   120 |    55 ||   211
Invok: Potion Petition   |       |       |       |       |     1 ||     1
Evoke: Wand              |       |       |     1 |     5 |     6 ||    12
  Use: Potion            |       |     2 |       |       |     1 ||     3
       Scroll            |       |       |    10 |     9 |     6 ||    25
 Stab: Sleeping          |       |     2 |     1 |     3 |       ||     6
       Paralysed         |       |     1 |    10 |    68 |    12 ||    91
       Distracted        |       |       |       |       |     1 ||     1
Armor: Leather armour    |    17 |    31 |    59 |    98 |   101 ||   306
Dodge: Dodged            |    27 |    43 |   106 |   219 |   122 ||   517
Block: Other             |       |       |    15 |    92 |    48 ||   155
       Reflection        |       |       |     8 |     2 |       ||    10

Table legend: (Time is in decaauts)
 A = Elapsed time spent in this place.
 B = Non-inter-level travel time spent in this place.
 C = Inter-level travel time spent in this place.
 D = Time resting spent in this place.
 E = Time spent auto-exploring this place.
 F = Levels seen in this place.
 G = Mean time per level.
                   A        B        C        D        E       F      G
               +--------+--------+--------+--------+--------+-----+--------+
         Total |  24354 |  22925 |   1429 |   5097 |  14122 |  17 | 1432.6 |
       Dungeon |  13647 |  12660 |    987 |   1243 |   9283 |  10 | 1364.7 |
        Temple |    149 |    104 |     45 |      0 |     95 |   1 |  149.0 |
          Lair |   9915 |   9518 |    397 |   3641 |   4535 |   5 | 1983.0 |
       Ossuary |    642 |    642 |      0 |    212 |    209 |   1 |  642.0 |
               +--------+--------+--------+--------+--------+-----+--------+

Top non-repeatable levels by time:
  Lair:3: 3393 daAuts
     D:7: 2298 daAuts
  Lair:4: 2280 daAuts
  Lair:2: 2051 daAuts
     D:8: 1808 daAuts
     D:9: 1715 daAuts
  Lair:1: 1680 daAuts
    D:10: 1532 daAuts
     D:5: 1523 daAuts
     D:6: 1335 daAuts
     D:3: 1162 daAuts
     D:4: 1041 daAuts
 Ossuary: 642 daAuts
     D:2: 631 daAuts
     D:1: 598 daAuts
